 Dungeon Crawl Stone Soup version 0.17-a0-1778-gd369669 (webtiles) character file.

547 ololoev the Poker (level 7, 54/55 HPs)
             Began as a Mottled Draconian Skald on Sept 8, 2015.
             Quit the game on level 5 of the Dungeon.
             The game lasted 00:08:02 (3697 turns).

ololoev the Poker (Mottled Draconian Skald)         Turns: 3697, Time: 00:08:02

Health: 54/55      AC: 12    Str: 14    XL:     7   Next: 7%
Magic:  9/10       EV: 12    Int: 13    God:
Gold:   204        SH:  0    Dex: 12    Spells: 2 memorised, 7 levels left

rFire  . . .     SeeInvis .     a - +2 spear (flame)
rCold  . . .     Clarity  .     (armour unavailable)
rNeg   + . .     SustAt   .     (no shield)
rPois  .         Gourm    .     (helmet restricted)
rElec  .         Spirit   .     d - +0 cloak
rCorr  +         Warding  .     (no gloves)
rMut   .         Stasis   .     (no boots)
MR     .....                    A - amulet of resist corrosion
Stlth  +.........               r - +5 ring of protection
                                h - ring of positive energy

@: singing (expiring), not resistant to hostile enchantments, very unstealthy
A: breathe sticky flame splash, unfitting armour, cold-blooded, AC +6
a: Breathe Sticky Flame, Stop Singing


Innate Abilities, Weirdness & Mutations

You can spit globs of burning liquid.
You can ignite nearby creatures when you spit burning liquid.
Your weird mottled scales are hard (AC +6).
Your body does not fit into most forms of armour.
You are cold-blooded and may be slowed by cold attacks.

Inventory:

Hand weapons
 a - a +2 spear of flaming (weapon)
 b - a +0 blowgun
Missiles
 g - 7 javelins (quivered)
 u - 19 poisoned needles
Armour
 d - a +0 cloak (worn)
Jewellery
 h - a ring of positive energy (left hand)
 r - a +5 ring of protection (right hand)
 A - an amulet of resist corrosion (around neck)
Scrolls
 e - 2 scrolls of fear {unknown}
 f - a scroll of enchant weapon {unknown}
 j - 2 scrolls of remove curse {unknown}
 k - a scroll of noise {unknown}
 l - a scroll of amnesia {unknown}
 o - a scroll of magic mapping {unknown}
 v - 3 scrolls of identify {unknown}
 x - a scroll of enchant armour {unknown}
 y - 2 scrolls of teleportation {unknown}
Potions
 i - 2 potions of might {unknown}
 m - a potion of curing {unknown}
 n - a potion of berserk rage {unknown}
 p - a potion of cancellation {unknown}
 s - 2 potions of invisibility {unknown}
 B - 2 potions of ambrosia {unknown}
 C - a potion of cure mutation {unknown}
 E - 2 potions of degeneration {unknown}
 F - a potion of flight {unknown}
Books
 t - a book of Battle

   Spells                             Type                      Level
   a - Infusion                       Charms                       1
   b - Shroud of Golubria             Charms/Translocation         2
   c - Song of Slaying                Charms                       2
   d - Spectral Weapon                Hexes/Charms                 3
   e - Regeneration                   Charms/Necromancy            3
Comestibles
 c - 3 bread rations
 q - 3 meat rations
 w - 2 beef jerkies
 z - 4 chunks of flesh
 D - a slice of pizza


   Skills:
 - Level 2.1 Fighting
 + Level 7.8 Polearms
 - Level 1.3 Dodging
 - Level 2.0 Spellcasting
 - Level 2.6 Charms


You had 7 spell levels left.
You knew the following spells:

 Your Spells              Type           Power        Failure   Level  Hunger
a - Infusion              Chrm           #.....       10%         1    ##.....
b - Song of Slaying       Chrm           #.......     14%         2    ###....


You were on level 5 of the Dungeon.
You were hungry.

You visited 1 branch of the dungeon, and saw 5 of its levels.

You collected 204 gold pieces.

. #. ..... ###.# ....
.##### #.#.# .... ....#
##.#..##
.##...##..###.##...#####
....?.....##............
#.!...###.)....)....####
≈≈≈≈≈≈≈≈#)##.##.#..##
.....#@#.##..#.#.##
.......≈%.##.#.....#####
.......≈..##.##.........
...>...≈..##.......#####
.......≈......######
....../≈..##..
#.....#≈#.###.#
≈≈≈≈≈≈≈≈#.# .....###.#

Notes
Turn   | Place    | Note
--------------------------------------------------------------
     0 | D:1      | ololoev the Draconian Skald began the quest for the Orb.
     0 | D:1      | Reached XP level 1. HP: 17/17 MP: 3/3
   363 | D:1      | Reached XP level 2. HP: 22/24 MP: 5/5
   367 | D:1      | Learned a level 2 spell: Song of Slaying
   515 | D:1      | Reached skill level 3 in Polearms
  1182 | D:2      | Reached XP level 3. HP: 24/29 MP: 6/6
  1663 | D:3      | Reached skill level 4 in Polearms
  1896 | D:2      | Reached XP level 4. HP: 22/36 MP: 2/7
  2259 | D:3      | Reached skill level 5 in Polearms
  2359 | D:3      | Reached XP level 5. HP: 37/41 MP: 4/8
  2990 | D:4      | Reached skill level 6 in Polearms
  3078 | D:4      | Reached XP level 6. HP: 37/48 MP: 5/9
  3175 | D:4      | Noticed Dowan
  3178 | D:4      | Found Boopepnolea's Armour Boutique.
  3204 | D:4      | Killed Dowan
  3303 | D:4      | Noticed an ice beast
  3320 | D:4      | Killed an ice beast
  3320 | D:4      | Reached skill level 7 in Polearms
  3388 | D:4      | Noticed Duvessa
  3443 | D:5      | Entered Level 5 of the Dungeon
  3683 | D:5      | Found a staircase to the Ecumenical Temple.
  3687 | D:5      | Your scales start taking on a weird mottled colour.
  3687 | D:5      | Reached XP level 7. HP: 53/55 MP: 8/10
  3697 | D:5      | Quit the game

Dungeon Overview and Level Annotations

Branches:
Dungeon (5/15)             Temple (0/1) D:5

Altars:

Shops:
D:4 [

Annotations:
D:4 Duvessa


Message History

No target in view!
No target in view!
You see here a whip.
Things that are here:
a halberd; a spear There isn't anything to butcher here.
Found a staircase to the Ecumenical Temple.
A giant gecko comes into view.
A centaur zombie comes into view.
The centaur zombie moves out of view.
The giant gecko bites you but does no damage.
You closely miss the giant gecko. The giant gecko closely misses you.
You barely miss the giant gecko. You tail-slap the giant gecko.
The giant gecko is lightly wounded.
The giant gecko bites you but does no damage.
You hit the giant gecko. You burn the giant gecko.
You kill the giant gecko!
You have reached level 7!
Your scales start taking on a weird mottled colour.
You see here a giant gecko corpse.
You butcher the giant gecko corpse.
The centaur zombie closely misses you.
You see here a chunk of flesh.
You puncture the centaur zombie! You burn the centaur zombie.
You tail-slap the centaur zombie.
The centaur zombie hits you but does no damage.
You puncture the centaur zombie! You burn the centaur zombie.
The centaur zombie misses you.
You barely miss the centaur zombie.
The centaur zombie hits you but does no damage.
You barely miss the centaur zombie.
The centaur zombie hits you but does no damage.
You puncture the centaur zombie! You burn the centaur zombie.
Your song is almost over.
The centaur zombie closely misses you.
You puncture the centaur zombie! You burn the centaur zombie.
You destroy the centaur zombie!
You enter the shallow water.
Moving in this stuff is going to be slow.
Found a sedimented inky potion.
Are you sure you want to abandon this character and quit the game? (Confirm with "yes".)

There were no monsters in sight!

Vanquished Creatures
  An ice beast (D:4)
  A scorpion (D:4)
  Dowan (D:4)
  A centaur zombie (D:5)
  2 hounds
  2 iguanas (D:4)
  2 orc wizards
  2 adders
  7 gnolls
  An adder skeleton (D:3)
  A giant gecko (D:5)
  8 orcs
  7 bats
  3 giant cockroaches
  A goblin (D:2)
  5 hobgoblins
  8 jackals
  11 kobolds
  4 ball pythons
  A giant gecko skeleton (D:4)
  2 giant newts
  7 rats
78 creatures vanquished.

Action                   |  1- 3 |  4- 6 |  7- 9 || total
-------------------------+-------+-------+-------++-------
Melee: Spear             |   121 |   108 |     6 ||   235
       Dagger            |    33 |    20 |       ||    53
 Fire: Blowgun           |       |    12 |       ||    12
 Cast: Infusion          |     3 |     4 |       ||     7
       Song of Slaying   |     3 |     3 |       ||     6
 Stab: Distracted        |     1 |       |       ||     1
       Sleeping          |     1 |     1 |       ||     2
  Eat: Chunk             |     3 |     6 |       ||     9

Vault maps used:
D:1:      scummos_arrival_hexagon, item_on_display_a
D:2:      minivault_11
D:4:      serial_shops, kennysheep_mini, hex_large, uniq_duvessa
D:5:      gammafunk_temple_overflow_wave, minmay_temple_entry_water_ring,
          first_bread
